 Dungeon Crawl Stone Soup version 0.31-a0-949-g57150269e1 (webtiles) character file.

Game seed: 11802595974385333290

30 gelatine the Ruffian (level 3, -1/26 HPs)
             Began as a Demonspawn Shapeshifter on Oct 22, 2023.
             Slain by Robin
             ... wielding a +0 mace
              (6 damage)
             ... on level 2 of the Dungeon.
             The game lasted 00:02:37 (899 turns).

gelatine the Ruffian (Demonspawn Shapeshifter)       Turns: 899, Time: 00:02:37

Health: -1/26      AC:  5    Str: 16    XL:     3   Next: 3%
Magic:  3/3        EV: 11    Int: 11    God:
Gold:   76         SH:  0    Dex: 14    Spells: 2/2 levels left

rFire   . .          .
                       - Unarmed
rCold   . . .        (no shield)
rNeg    . . .        k - +0 ring mail
rPois   +            (helmet currently unavailable)
rElec   .            (cloak currently unavailable)
rCorr   .            (gloves currently unavailable)
SInv    .            (boots currently unavailable)
Will    .....        (no amulet)
Stlth   +++          (no ring)
HPRegen 0.24/turn    (no ring)
MPRegen 0.08/turn

%: no passive effects
@: beast-form
A: beast (slay +1), horns 1, thin skeletal structure 1, camouflage 1, poison
resistance
a: Begin Untransformation


You were on level 2 of the Dungeon.
You were a hulking beast.
You visited 1 branch of the dungeon, and saw 2 of its levels.

You collected 76 gold pieces.

Inventory:

Missiles
 g - 8 stones (quivered)
Armour
 a - a +0 animal skin
 j - a +0 pair of gloves
 k - a +0 ring mail (worn)
Talismans
 c - a beast talisman (active)
 d - a flux talisman
Scrolls
 e - a scroll of vulnerability {unknown}
 f - a scroll of immolation {unknown}
 h - a scroll of torment {unknown}
 i - a scroll of identify {unknown}
 l - a scroll of brand weapon {unknown}
Potions
 b - a potion of lignification


   Skills:
 * Level 1.1 Fighting
 * Level 0.2 Throwing
 * Level 0.2 Armour
 * Level 2.0 Dodging
 * Level 3.2 Unarmed Combat
 * Level 3.0 Shapeshifting


You had 2 spell levels left.
You didn't know any spells.
Your spell library was empty.

Dungeon Overview and Level Annotations

Branches:
Dungeon (2/15)

Altars:

Shops:
D:1 [

Annotations:
D:2 Robin


Innate Abilities, Weirdness & Mutations

You are a hulking beast.
Your limbs bulge with bestial killing power. (Slay +1)
You have a pair of small horns on your head.
You have a somewhat thin skeletal structure. (Dex +2, Stealth+)
Your skin changes colour to match your surroundings (Stealth+).
Your system is resistant to poisons. (rPois)


Message History

You hit the goblin.
You kill the goblin!
The goblin no longer looks unusually strong.
Items here: ))) †.
The hobgoblin no longer looks unusually strong.
Robin roars a battlecry!
The goblins go into a battle-frenzy!
There is a stone staircase leading up here.
Robin throws the goblin at you!
You hit Robin.
Robin is lightly wounded.
The goblin closely misses you. Robin hits you but does no damage.
You completely miss Robin.
Robin is lightly wounded.
The goblin hits you but does no damage.
You punch the goblin!
You kill the goblin!
Robin throws the goblin at you!
You have reached level 3!
Your experience leads to an increase in your attributes!
Increase (S)trength, (I)ntelligence, or (D)exterity?
You feel stronger. x2; Your demonic ancestry asserts itself...
A pair of horns grows on your head!
You hit the goblin.
The goblin is almost dead.
The goblin closely misses you. Robin hits you with a +0 mace.
You hit the goblin.
You kill the goblin!
Robin hits you with a +0 mace.
You hit Robin.
Robin is lightly wounded.
Robin hits you with a +0 mace.
* * * LOW HITPOINT WARNING * * *
Okay, then.
It was a potion of mutation.
You feel extremely strange.
Your skin functions as natural camouflage.
You feel resistant to poisons. Robin hits you with a +0 mace.
You die...
Robin says, "And that's why I'm the boss."

###
##.#######
#.g).gg..#
##g###g.....
#h# .....
#<# #.?. #.#
.. #<# . #.#
... #[. #..
....


You could see Robin and a hobgoblin (strong).

Vanquished Creatures
  A dart slug (D:1)
  A bat (D:1)
  An endoplasm (D:1)
  4 giant cockroaches (D:1)
  8 goblins
  3 hobgoblins
  2 kobolds (D:1)
  4 rats (D:1)
24 creatures vanquished.

Notes
Turn   | Place    | Note
-------+----------+-------------------------------------------
     0 | D:1      | gelatine the Demonspawn Shapeshifter began the quest for
                  | the Orb.
     0 | D:1      | Reached XP level 1. HP: 15/15 MP: 1/1
   200 | D:1      | Found a faded altar of an unknown god.
   269 | D:1      | Found Uteukh's Armour Shop.
   405 | D:1      | Gained mutation: You have a somewhat thin skeletal
                  | structure. (Dex +2, Stealth+) [demonic ancestry]
   405 | D:1      | Reached XP level 2. HP: 20/21 MP: 2/2
   872 | D:2      | Noticed Robin
   896 | D:2      | Gained mutation: You have a pair of small horns on your
                  | head. [demonic ancestry]
   896 | D:2      | Reached XP level 3. HP: 17/26 MP: 3/3
   899 | D:2      | Gained mutation: Your skin changes colour to match your
                  | surroundings (Stealth+). [potion of mutation]
   899 | D:2      | Gained mutation: Your system is resistant to poisons.
                  | (rPois) [potion of mutation]
   899 | D:2      | Slain by Robin

Illustrated notes

Levels and vault maps discovered:
D:1:      dpeg_arrival_central, layout_loops_ring, serial_shops, shop,
          ebering_ecumenical_altar_webs
D:2:      layout_loops_ring, uniq_robin

Skill      XL: |  1  2 |
---------------+-------+-----
Unarmed Combat | 3 |  3.2
Dodging        | 2 |  2.0
Shapeshifting  | 3 |  3.0
Fighting       | |  1.1
Throwing       | |  0.2
Armour         | |  0.2

Action                     || total
---------------------------++-------
  Melee: Unarmed           ||    55
         Punch             ||     1
  Throw: Stone             ||    13
    Use: Potion            ||     1
 Armour: Animal skin       ||    15
         Ring mail         ||    16
  Dodge: Dodged            ||    25

Table legend: (Time is in decaauts)
 A = Elapsed time spent in this place.
 B = Non-inter-level travel time spent in this place.
 C = Inter-level travel time spent in this place.
 D = Time resting spent in this place.
 E = Time spent auto-exploring this place.
 F = Levels seen in this place.
 G = Mean time per level.
                   A        B        C        D        E       F      G
               +--------+--------+--------+--------+--------+-----+--------+
         Total |    896 |    863 |     33 |    100 |    593 |   2 |  448.0 |
       Dungeon |    896 |    863 |     33 |    100 |    593 |   2 |  448.0 |
               +--------+--------+--------+--------+--------+-----+--------+

Top non-repeatable levels by time:
     D:1: 864 daAuts
     D:2: 32 daAuts
